 Dungeon Crawl Stone Soup version 0.30-a0-651-g0755cc6dcf (webtiles) character file.

Game seed: 16744078341222725710

114 CoinPitGoblin the Ducker (level 4, -7/28 HPs)
             Began as a Vampire Hunter on Jan 16, 2023.
             Mangled by an ogre
             ... wielding a +0 giant club
              (22 damage)
             ... on level 4 of the Dungeon.
             The game lasted 00:06:43 (2636 turns).

CoinPitGoblin the Ducker (Vampire Hunter)           Turns: 2636, Time: 00:06:44

Health: -7/28      AC:  5    Str: 10    XL:     4   Next: 67%
Magic:  4/4        EV: 13    Int: 11    God:
Gold:   195        SH:  0    Dex: 19    Spells: 3/3 levels left

rFire   . . .      SeeInvis +    b - +0 dagger
rCold   + + .      Faith    .    (no shield)
rNeg    + + +      Spirit   .    c - +1 leather armour
rPois   ∞          Reflect  .    (no helmet)
rElec   .          Harm     .    l - +0 cloak
rCorr   .          Rampage  .    (no gloves)
Will    .....                    (no boots)
Stlth   ++++                     e - amulet of the acrobat
HPRegen 0.00/turn                (no ring)
MPRegen 0.09/turn                (no ring)

@: bloodless, inhibited regen
A: bloodless, fangs 3, see invisible, vampiric 2
a: Bat Form, Revivify


You were on level 4 of the Dungeon.
You visited 1 branch of the dungeon, and saw 4 of its levels.

You collected 195 gold pieces.

Inventory:

Hand Weapons
 a - a +0 shortbow
 b - a +0 dagger (weapon)
Armour
 c - a +1 leather armour (worn)
 l - a +0 cloak (worn)
Jewellery
 e - an amulet of the acrobat (around neck)
 j - a ring of protection from cold
 o - an amulet of guardian spirit
Wands
 q - a wand of polymorph (11)
Scrolls
 d - 2 scrolls of immolation
 m - a scroll of identify
 n - a scroll of summoning
Potions
 g - a potion of lignification
 h - a potion of cancellation {unknown}
 i - 3 potions of curing {unknown}
 k - 2 potions of attraction {unknown}
 r - a potion of invisibility {unknown}


   Skills:
 + Level 3.3 Fighting
 - Level 3.2 Ranged Weapons
 + Level 3.6 Dodging
 + Level 3.2 Stealth


You had 3 spell levels left.
You didn't know any spells.
Your spell library contained the following spells:

 Spells                   Type           Power      Damage    Failure   Level
 Necrotise                Necr           0%         1d4       43%         1
 Summon Guardian Golem    Hex/Summ       0%         N/A       82%         3
 Vampiric Draining        Necr           0%         2d6       82%         3
 Agony                    Necr           0%         N/A       100%        5
 Orb of Destruction       Conj           0%         9d5       100%        7
 Spellforged Servitor     Conj/Summ      0%         N/A       100%        7


Dungeon Overview and Level Annotations

Branches:
Dungeon (4/15)
 Temple: D:4-7

Altars:

Shops:
D:1 [((*


Innate Abilities, Weirdness & Mutations

You do not regenerate when monsters are visible.
You are frail without blood (-20% HP).
You can heal yourself when you bite living creatures.
You are immune to poison.
You have razor-sharp teeth.
You have supernaturally acute eyesight. (SInv)
You are afflicted with vampirism and can become a bat while bloodless.


Message History

You hit the adder but do no damage.
The adder is moderately wounded.
The adder closely misses you. The adder barely misses you.
You barely miss the adder.
The adder is moderately wounded.
The adder closely misses you.
You hit the adder but do no damage.
The adder is moderately wounded.
The adder bites you but does no damage.
You miss the adder.
The adder is moderately wounded.
The adder bites you. x2
You hit the adder but do no damage.
The adder is moderately wounded.
The adder misses you.
You hit the adder.
The adder is heavily wounded.
The adder completely misses you.
You hit the adder.
The adder is heavily wounded.
The adder bites you.
You barely miss the adder.
The adder is heavily wounded.
The adder misses you. The adder bites you but does no damage.
You hit the adder.
The adder is almost dead.
The adder bites you but does no damage.
You miss the adder.
The adder is almost dead.
The adder bites you but does no damage.
You hit the adder.
You kill the adder!
You hit the ogre.
The ogre is lightly wounded.
The ogre closely misses you.
You hit the ogre.
The ogre is moderately wounded.
The ogre hits you with a +0 giant club!!
Ouch! That really hurt!
You die...

.. . .# # . .###. .
###.... . ########?...#
.#####....:.?...#.###...
...............wg.......
#...# ########O####...
.)..# ####@#### .##.#
######.......# ###.##
#............#
###..###.####.......#
.........# #########
####..#### ##.# #.# #.#


You could see an ogre, a worm and a gnoll.

Vanquished Creatures
  A hound (D:4)
  A gnoll (D:4)
  2 adders
  A dart slug (D:2)
  6 ball pythons
  5 endoplasms
  3 giant cockroaches
  A goblin (D:3)
  7 hobgoblins
  7 jackals
  3 kobolds
  2 quokkas
  5 bats
  6 frilled lizards
  2 rats (D:3)
52 creatures vanquished.

Notes
Turn   | Place    | Note
-------+----------+-------------------------------------------
     0 | D:1      | CoinPitGoblin the Vampire Hunter began the quest for the
                  | Orb.
     0 | D:1      | Reached XP level 1. HP: 16/16 MP: 1/1
    21 | D:1      | Found a faded altar of an unknown god.
   213 | D:1      | Reached XP level 2. HP: 22/22 MP: 2/2
   294 | D:1      | Found Cuopeli's Weapon Boutique.
   441 | D:1      | Found Sevaotit's Antique Weapon Shoppe.
   514 | D:1      | Found Zujut's Assorted Antiques.
   634 | D:1      | Found Keptiew's Armour Boutique.
   906 | D:2      | Gained mutation: You are afflicted with vampirism and can
                  | become a bat while bloodless. [Vampire growth]
   906 | D:2      | Reached XP level 3. HP: 22/22 MP: 3/3
  2182 | D:3      | Identified the +4 ring mail "Fowila" {Harm +Blink rF-
                  | rCorr}
  2510 | D:4      | Reached XP level 4. HP: 19/28 MP: 4/4
  2609 | D:4      | Noticed an ogre
  2636 | D:4      | Mangled by an ogre

Illustrated notes

Levels and vault maps discovered:
D:1:      dpeg_arrival_tiny_f, layout_loops_ring, serial_shops, shop,
          nicolae_diamond_shop, nicolae_shop_crystal,
          nicolae_shop_hallway_stairs, hellmonk_ecumenical_altar_run_dry
D:2:      layout_basic
D:3:      layout_loops_cross
D:4:      layout_rooms, elyvilon_altar_5, uniq_ijyb, uniq_blork_the_orc,
          uniq_menkaure

Skill      XL: |  1  2  3  4 |
---------------+-------------+-----
Fighting       | 2 3 |  3.3
Stealth        | 2 3 |  3.2
Dodging        | 3 |  3.6
Ranged Weapons | |  3.2

Action                   |  1- 3 |  4- 6 || total
-------------------------+-------+-------++-------
Melee: Dagger            |    74 |    35 ||   109
       Bite              |     8 |     3 ||    11
       Punch             |     1 |       ||     1
 Fire: Shortbow          |    59 |       ||    59
 Abil: Exsanguinate      |     1 |       ||     1
  Use: Scroll            |     6 |       ||     6
 Stab: Sleeping          |     4 |       ||     4
Armor: Leather armour    |    27 |    10 ||    37
Dodge: Dodged            |    77 |    23 ||   100

Table legend: (Time is in decaauts)
 A = Elapsed time spent in this place.
 B = Non-inter-level travel time spent in this place.
 C = Inter-level travel time spent in this place.
 D = Time resting spent in this place.
 E = Time spent auto-exploring this place.
 F = Levels seen in this place.
 G = Mean time per level.
                   A        B        C        D        E       F      G
               +--------+--------+--------+--------+--------+-----+--------+
         Total |   2651 |   2406 |    245 |      0 |   2036 |   4 |  662.8 |
       Dungeon |   2651 |   2406 |    245 |      0 |   2036 |   4 |  662.8 |
               +--------+--------+--------+--------+--------+-----+--------+

Top non-repeatable levels by time:
     D:2: 1145 daAuts
     D:1: 707 daAuts
     D:3: 647 daAuts
     D:4: 150 daAuts
